 Dungeon Crawl Stone Soup version 0.28.0-1-gb440e238dd (webtiles) character file.

Game seed: 2094023495701536747

117 styxcanada the Firebug (level 4, 0/24 HPs)
             Began as a Deep Elf Fire Elementalist on Feb 27, 2022.
             Slain by a gnoll (7 damage)
             ... on level 3 of the Dungeon.
             The game lasted 00:10:23 (2560 turns).

styxcanada the Firebug (Deep Elf Fire Elementalist) Turns: 2560, Time: 00:10:24

Health: 0/24       AC:  3    Str:  5    XL:     4   Next: 71%
Magic:  3/12       EV: 13    Int: 22    God:
Gold:   144        SH:  0    Dex: 15    Spells: 4/11 levels left

rFire   + . .      SeeInvis .   m - +1 short sword (venom)
rCold   . . .      Faith    .   (no shield)
rNeg    . . .      Spirit   .   l - +1 robe {rF+}
rPois   .          Reflect  .   (no helmet)
rElec   .          Harm     .   (no cloak)
rCorr   .          Rampage  .   (no gloves)
Will    .....                   (no boots)
Stlth   ++........              (no amulet)
HPRegen 0.08/turn               (no ring)
MPRegen 0.13/turn               (no ring)

@: no status effects
A: no striking features
a: no special abilities


You were on level 3 of the Dungeon.
You visited 1 branch of the dungeon, and saw 3 of its levels.

You collected 144 gold pieces.

Inventory:

Hand Weapons
 f - a +0 hunting sling
 g - a +0 short sword
 m - a +1 short sword of venom (weapon)
Missiles
 b - 94 stones
Armour
 l - a +1 robe of fire resistance (worn)
Jewellery
 k - a ring of protection from fire
Potions
 a - a potion of brilliance
 d - a potion of curing {unknown}
 h - a potion of flight {unknown}
 i - a potion of attraction {unknown}


   Skills:
 + Level 3.0 Dodging
 * Level 3.3 Stealth
 + Level 4.1 Spellcasting
 + Level 1.9 Conjurations
 + Level 4.5 Fire Magic


You had 4 spell levels left.
You knew the following spells:

 Your Spells              Type           Power      Damage    Failure   Level
a - Foxfire               Conj/Fire      72%        2x1d7     3%          1
b - Scorch                Fire           48%        2d7       2%          2
c - Conjure Flame         Conj/Fire      18%        6-21      9%          3
d - Slow                  Hex            16%        N/A       11%         1

Your spell library contained the following spells:

 Spells                   Type           Power      Damage    Failure   Level
 Static Discharge         Conj/Air       8%         N/A       11%         2
 Inner Flame              Hex/Fire       14%        N/A       13%         3
 Flame Wave               Conj/Fire      18%        2d6       28%         4
 Confusing Touch          Hex            4%         N/A       32%         3
 Vampiric Draining        Necr           4%         2d6       32%         3
 Lightning Bolt           Conj/Air       4%         1d15      90%         5
 Maxwell's Capacitive Co  Air            2%         ∞         100%        8


Dungeon Overview and Level Annotations

Branches:
Dungeon (3/15)

Altars:


Message History

The gnoll's fire resistance burns away.
Casting: Scorch (safe; 2% risk of failure)
Confirm with . or Enter, or press ? or * to list all spells.
Flames lash the gnoll.
The gnoll is burned terribly!
You kill the gnoll!
Your Dodging skill increases to level 3!
Your +1 short sword of venom stops dripping with poison.
f - a +0 hunting sling (weapon)
Fire: 96 stones
Press: ? - help, Q - select action, (/) - cycle Shift-Dir - straight line, f - gnoll
Aim: a gnoll, wielding a +0 whip (lightly wounded, more vulnerable to fire, ally target, 61% to hit)
You shoot a stone. The stone hits the gnoll.
The gnoll is heavily wounded.
Fire: 95 stones
Press: ? - help, Q - select action, (/) - cycle Shift-Dir - straight line, f/p - gnoll
Aim: a gnoll, wielding a +0 whip (heavily wounded, more vulnerable to fire, ally target, 61% to hit)
You shoot a stone. The stone hits the gnoll.
The gnoll is severely wounded.
The gnoll is no longer more vulnerable to fire.
A hobgoblin comes into view.
The hobgoblin shouts!
Your +1 short sword of venom begins to drip with poison!
m - a +1 short sword of venom (weapon)
The hobgoblin barely misses you.
You closely miss the hobgoblin. The hobgoblin hits you.
You hit the hobgoblin.
The hobgoblin is moderately wounded.
The hobgoblin completely misses you. The gnoll barely misses you.
The gnoll hits you but does no damage.
You hit the hobgoblin.
You kill the hobgoblin!
You hit the gnoll.
The gnoll is poisoned.
The gnoll is severely wounded.
The gnoll hits you with a +0 whip. The gnoll closely misses you.
You hit the gnoll but do no damage.
The gnoll looks as sick as possible!
The gnoll is severely wounded.
The gnoll hits you with a +0 whip.
* * * LOW HITPOINT WARNING * * *
The gnoll hits you from afar with a +0 spear!
You die...

).........# #.#
###.#####.###.##
###.# #.##...##
....# #.#...g.###
###.# #)#.......#
#.# #.#....?#g# ##.#
#.##...##g#
#..#####.#######g#
#........# #@#.#
#..............###.#
##..##.#####.##. .#
.....#.# ..# .
##...#<# ##. ##
#.†.#.# #...#.#
#...#.. #....


You could see 3 gnolls.

Vanquished Creatures
  Terence (D:2)
  Jessica (D:2)
  A gnoll (D:3)
  An adder (D:2)
  A worm (D:2)
  3 ball pythons
  7 endoplasms
  A giant cockroach (D:2)
  4 goblins
  4 hobgoblins
  4 kobolds
  2 quokkas (D:2)
  4 bats (D:2)
  A frilled lizard (D:2)
  6 rats
41 creatures vanquished.

Vanquished Creatures (others)
  75 foxfires
75 creatures vanquished.

Grand Total: 116 creatures vanquished

Notes
Turn   | Place    | Note
-------+----------+-------------------------------------------
     0 | D:1      | styxcanada the Deep Elf Fire Elementalist began the quest
                  | for the Orb.
     0 | D:1      | Reached XP level 1. HP: 10/10 MP: 6/6
   228 | D:1      | Reached XP level 2. HP: 15/15 MP: 6/8
   821 | D:2      | Learned a level 2 spell: Scorch
  1042 | D:2      | Noticed Jessica
  1058 | D:2      | Killed Jessica
  1059 | D:2      | Reached XP level 3. HP: 7/19 MP: 0/10
  1460 | D:2      | Found a faded altar of an unknown god.
  1516 | D:2      | Noticed Terence
  1525 | D:2      | Killed Terence
  1526 | D:2      | Reached XP level 4. HP: 24/24 MP: 4/11
  1976 | D:2      | Learned a level 3 spell: Conjure Flame
  1978 | D:2      | Learned a level 1 spell: Slow
  2560 | D:3      | Slain by a gnoll

Illustrated notes

Levels and vault maps discovered:
D:1:      dpeg_arrival_solitude, layout_basic
D:2:      layout_basic, ebering_ecumenical_altar_rust, st_stairs_9,
          uniq_jessica, uniq_terence
D:3:      layout_loops_ring, nicolae_sif_muna_condensation, saegor_snake_ambush

Skill      XL: |  1  2  3  4 |
---------------+-------------+-----
Fire Magic     | 4 |  4.5
Stealth        | 3 |  3.3
Spellcasting   | 4 |  4.1
Dodging        | 3 |  3.0
Conjurations   | |  1.9

Action                   |  1- 3 |  4- 6 || total
-------------------------+-------+-------++-------
Melee: Short sword       |     1 |     9 ||    10
 Fire: Hunting sling     |       |     2 ||     2
 Cast: Foxfire           |    32 |    15 ||    47
       Scorch            |     6 |    13 ||    19
       Conjure Flame     |       |     1 ||     1
       Slow              |       |     1 ||     1
  Use: Scroll            |       |     3 ||     3
Armor: Robe              |     5 |     4 ||     9
Dodge: Dodged            |    11 |    17 ||    28
